 Dungeon Crawl Stone Soup version 0.18.1-48-g4cf74bf (webtiles) character file.

220 RickumRackum the Charlatan (level 5, 48/48 HPs)
             Began as a Deep Dwarf Artificer on Aug 28, 2016.
             Quit the game on level 2 of the Dungeon on Aug 29, 2016.
             The game lasted 00:12:46 (1312 turns).

RickumRackum the Charlatan (Deep Dwarf Artificer)   Turns: 1312, Time: 00:12:47

Health: 48/48      AC:  2    Str: 15    XL:     5   Next: 64%
Magic:  8/8        EV: 14    Int: 12    God:
Gold:   77         SH:  0    Dex: 14    Spells: 0 memorised, 4 levels left

rFire  . . .     SeeInvis .     i - +1 scythe (slice)
rCold  . . .     Gourm    .     n - +0 robe
rNeg   . . .     Faith    .     (shield currently unavailable)
rPois  .         Spirit   .     (no helmet)
rElec  .         Dismiss  .     (no cloak)
rCorr  .         Reflect  .     (no gloves)
SustAt .         Harm     .     (no boots)
MR     .....                    (no amulet)
Stlth  ++........               (no ring)
                                (no ring)

@: non-regenerating, not resistant to hostile enchantments, unstealthy
A: damage resistance, recharge devices, sense surroundings 1, slow regeneration
3
a: Device Recharging


You were on level 2 of the Dungeon.
You were not hungry.

You visited 1 branch of the dungeon, and saw 2 of its levels.

You collected 77 gold pieces.

Inventory:

Hand Weapons
 i - a +1 scythe of slicing (weapon)
 j - a +0 whip of flaming
Armour
 n - a +0 robe (worn)
Wands
 c - a wand of flame (11/48)
 d - a wand of enslavement (15/24)
 e - a wand of random effects (15/48)
 f - a wand of heal wounds (5/9)
Scrolls
 k - a scroll of identify {unknown}
 l - 4 scrolls of remove curse {unknown}
Potions
 m - a potion of flight
Comestibles
 a - a beef jerky
 g - 3 bread rations


   Skills:
 + Level 2.8 Fighting
   Level 0.8 Short Blades
 + Level 4.1 Dodging
 - Level 1.2 Stealth
 + Level 6.0 Evocations


You had 4 spell levels left.
You didn't know any spells.

Dungeon Overview and Level Annotations

Branches:
Dungeon (2/15)

Altars:
Ru


Innate Abilities, Weirdness & Mutations

You are resistant to damage.
You can recharge devices by infusing magical energy.
You passively map a small area around you.
You do not regenerate naturally.


Message History

You closely miss the kobold. The kobold hits you but does no damage.
The kobold hits you with a dagger.
You closely miss the kobold. The kobold hits you but does no damage.
The kobold barely misses you.
You hit the kobold.
You kill the kobold!
Some of the chunks of flesh in your inventory have rotted away.
Things that are here:
a dagger; a stone Zapping:
f - a wand of heal wounds (6/9)
Press: ? - help, Shift-Dir - straight line, f - you You feel much better.
This wand has 5 charges left.
Eating one of 4 chunks of flesh.
This raw flesh tastes terrible.
You continue eating. x2
All of the chunks of flesh in your inventory have rotted away.
Done exploring.
Saving game... please wait.
Welcome back, RickumRackum the Deep Dwarf Artificer.
Press ? for a list of commands and other information.
Are you sure you want to abandon this character and quit the game? (Confirm with "yes".)

#.......## #...###..# ##...#.#..#
....##.##.###########
##..#...#...........# #####
.....###..#########.#########....
##..#.).#.# #...[..........
##.##.##.###############........
#..#.#(.......@......##.###'###
##(..#...#####.######.##.# #.# #
#(..###..#####.######.##.###.###
#..).#.............##.##.###_..+
##...#.#..#####.###.##.##.###.###
....##.##.# #.# #.##.##.# #.# #
##..#...#.# #.# #.#...#.###'###
##..###..# #.###..............
#.#...#.# #...รท......####..##


There were no monsters in sight!

Vanquished Creatures
  Sigmund (D:2)
  An adder (D:2)
  A worm (D:2)
  A dart slug (D:2)
  A giant gecko (D:1)
  4 giant cockroaches
  5 hobgoblins
  2 jackals (D:2)
  10 kobolds
  A quokka (D:2)
  5 bats
  2 giant newts (D:1)
  5 goblins
  7 rats
46 creatures vanquished.

Notes
Turn   | Place    | Note
--------------------------------------------------------------
     0 | D:1      | RickumRackum the Deep Dwarf Artificer began the quest for the Orb.
     0 | D:1      | Reached XP level 1. HP: 16/16 MP: 3/3
   229 | D:1      | Reached XP level 2. HP: 22/24 MP: 5/5
   301 | D:1      | Reached skill level 1 in Fighting
   656 | D:2      | Reached XP level 3. HP: 30/31 MP: 6/6
   787 | D:2      | Reached skill level 5 in Evocations
   898 | D:2      | Found a sacrificial altar of Ru.
   905 | D:2      | Noticed Sigmund
   949 | D:2      | Killed Sigmund
   949 | D:2      | Reached skill level 6 in Evocations
   949 | D:2      | Reached XP level 4. HP: 12/40 MP: 6/8
   949 | D:2      | Reached XP level 5. HP: 14/46 MP: 6/9
  1312 | D:2      | Quit the game

Skill      XL: |  1  2  3 |
---------------+----------+-----
Fighting       | 1 2 |  2.8
Evocations     | 6 |  6.0
Dodging        | 4 |  4.1
Short Blades   | |  0.8
Stealth        | |  1.2

Action                   |  1- 3 |  4- 6 || total
-------------------------+-------+-------++-------
Melee: Short sword       |    49 |       ||    49
       Whip              |    93 |       ||    93
       Scythe            |       |    19 ||    19
 Abil: Device Recharging |       |     1 ||     1
Evoke: Wand              |     8 |     2 ||    10
  Use: Potion            |     4 |       ||     4
 Stab: Sleeping          |     3 |     2 ||     5
  Eat: Chunk             |       |     2 ||     2
Armor: Leather armour    |    20 |       ||    20
       Robe              |       |     6 ||     6
Dodge: Dodged            |    70 |    18 ||    88
